 Dungeon Crawl Stone Soup version 0.29-a0-317-gd16b76e6b1 (webtiles) character file.

Game seed: 5797313808851715684

5310 Dabor the Skirmisher (level 10, -4/80 (92) HPs)
             Began as a Demonspawn Transmuter on Mar 31, 2022.
             Was an Initiate of Hepliaklqana.
             Slain by a spriggan defender simulacrum (16 damage)
             ... on level 2 of the Abyss.
             The game lasted 00:21:40 (8152 turns).

Dabor the Skirmisher (Demonspawn Transmuter)        Turns: 8152, Time: 00:21:41

HP:   -4/80 (92)    AC: 16    Str: 15 (17) XL:     10   Next: 37%
MP:   19/19         EV:  9    Int: 20      God:    Hepliaklqana [......]
Gold: 457           SH:  0    Dex: 19 (21) Spells: 18/21 levels left

rFire   . . .      SeeInvis .   j - +5 spear "Rukeyviu" {vorpal, rC+}
rCold   + . .      Faith    .   (no shield)
rNeg    . . .      Spirit   .   n - +8 chain mail "Kemmim" {rElec Dex+5 Slay+2}
rPois   .          Reflect  .   (no helmet)
rElec   +          Harm     .   (no cloak)
rCorr   .          Rampage  .   (no gloves)
Will    .....                   (no boots)
Stlth   ..........              d - amulet of Vitality {Regen+ HP+15}
HPRegen 1.03/turn               F - +6 ring of intelligence
MPRegen 0.16/turn               A - ring of Dabor's Evisceration {Wiz rElec Str+4 Dex+4}

@: heavily drained
A: thin metallic scales 2, powered by death 1, spiny 1, demonic touch 2, clumsy
1, deformed body, dopey 1, electricity resistance
a: Renounce Religion


You were on level 2 of the Abyss.
You worshipped Hepliaklqana.
Hepliaklqana was noncommittal.
You visited 2 branches of the dungeon, and saw 10 of its levels.
You visited the Abyss 1 time.
You also visited: Sewer.

You collected 457 gold pieces.

Inventory:

Hand Weapons
 j - the +5 spear "Rukeyviu" (weapon) {vorpal, rC+}
   (You found it on level 4 of the Dungeon)

   It inflicts extra damage upon your enemies.
   rC:        It protects you from cold.
 r - a +2 short sword of freezing
Missiles
 k - 2 throwing nets
 p - 2 boomerangs (quivered)
 B - 2 javelins
Armour
 n - the +8 chain mail "Kemmim" (worn) {rElec Dex+5 Slay+2}
   (You found it on level 2 of the Dungeon)

   Dex:       It affects your dexterity (+5).
   Slay:      It affects your accuracy & damage with ranged weapons and melee
   (+2).
   rElec:     It insulates you from electricity.
 s - a +0 pair of gloves
 t - a +0 kite shield
 I - +2 acid dragon scales
Jewellery
 d - the amulet of Vitality (around neck) {Regen+ HP+15}
   (You found it on level 8 of the Dungeon)

   [amulet of regeneration]

   HP:        It affects your health (+15).
   Regen:     It increases your rate of health regeneration.
 q - a ring of protection from cold
 A - the ring of Dabor's Evisceration (right hand) {Wiz rElec Str+4 Dex+4}
   (Xom gifted it to you in a sewer)

   [ring of wizardry]

   It improves your spell success rate.
   Str:       It affects your strength (+4).
   Dex:       It affects your dexterity (+4).
   rElec:     It insulates you from electricity.
 F - a +6 ring of intelligence (left hand)
Wands
 y - a wand of paralysis (5)
Scrolls
 a - 2 scrolls of blinking
 c - 2 scrolls of enchant armour
 e - 3 scrolls of fear
 f - 3 scrolls of enchant weapon
 g - 2 scrolls of silence
 i - a scroll of amnesia
 l - a scroll of magic mapping
 w - 2 scrolls of fog
 C - a scroll of brand weapon
Potions
 b - 2 potions of lignification
 h - 5 potions of heal wounds
 o - 2 potions of ambrosia
 u - a potion of curing
 z - 3 potions of flight {unknown}
 D - 2 potions of cancellation {unknown}
 H - a potion of resistance {unknown}
 K - a potion of magic


   Skills:
 + Level 6.4 Fighting
 - Level 1.0 Throwing
 + Level 5.3 Armour
 + Level 6.2 Dodging
 - Level 2.0 Stealth
 + Level 3.8 Unarmed Combat
 + Level 6.2 Spellcasting
 + Level 6.1 Transmutations
 * Level 5.3 Invocations


You had 18 spell levels left.
You knew the following spells:

 Your Spells              Type           Power      Damage    Failure   Level
a - Beastly Appendage     Tmut           60%        N/A       6%          1
b - Wereblood             Tmut           30%        N/A       9%          2

Your spell library contained the following spells:

 Spells                   Type           Power      Damage    Failure   Level
 Spider Form              Tmut/Pois      18%        N/A       50%         3
 Magic Dart               Conj           24%        1d4       54%         1
 Slow                     Hex            24%        N/A       54%         1
 Call Imp                 Summ           6%         N/A       69%         2
 Scorch                   Fire           12%        2d5       69%         2
 Searing Ray              Conj           12%        2d4       69%         2
 Sublimation of Blood     Necr           6%         N/A       69%         2
 Ice Form                 Ice/Tmut       18%        N/A       86%         4
 Call Canine Familiar     Summ           6%         N/A       88%         3
 Confusing Touch          Hex            6%         N/A       88%         3
 Mephitic Cloud           Conj/Pois/Air  6%         N/A       88%         3
 Portal Projectile        Hex/Tloc       12%        N/A       88%         3
 Vampiric Draining        Necr           6%         2d6       88%         3
 Flame Wave               Conj/Fire      6%         2d5       99%         4
 Fulminant Prism          Conj/Hex       3%         3d6       99%         4
 Leda's Liquefaction      Hex/Erth       3%         N/A       99%         4
 Summon Cactus Giant      Summ           3%         N/A       100%        6
 Summon Hydra             Summ           3%         N/A       100%        7


Dungeon Overview and Level Annotations

Branches:
Dungeon (9/15)             Temple (1/1) D:6            Lair (0/6) D:8
  Sewer (visited)
    Orc: D:9-12

Altars:
Ashenzari
Cheibriados
Dithmenos
Elyvilon
Fedhas
Gozag
Hepliaklqana
Kikubaaqudgha
Makhleb
Nemelex Xobeh
Okawaru
Qazlal
Ru
Sif Muna
Trog
Uskayaw
Vehumet
Wu Jian
Xom
Yredelemnul
Zin
The Shining One

Shops:
D:4 =


Innate Abilities, Weirdness & Mutations

You are mostly covered in thin metallic scales. (AC +3)
You regenerate a little health from kills.
You are partially covered in sharp spines.
Your touch may inflict irresistible damage on your foes.
You are clumsy. (Dex -2)
Armour fits poorly on your strangely shaped body.
You are dopey. (Int -2)
You are resistant to electric shocks. (rElec)


Message History

An eidolon comes into view.
The eidolon gives a chilling moan.
The eidolon gestures.
The eidolon radiates an aura of fear!
You are terrified of the eidolon!
You are no longer terrified.
A ynoxinul comes into view.
The ynoxinul bellows!
The ynoxinul gestures.
The smoke demon roars!
An efreet comes into view.
It is wielding a +4 scimitar of flaming.
A large abomination comes into view.
A vampire comes into view.
A smoke demon comes into view.
The smoke demon gestures at you. Something smites you!
The ufetubus attacks as you move away!
The ufetubus hits you but does no damage. x2
Your extra speed is starting to run out.
The ufetubus disappears in a puff of smoke!
The vampire casts a spell at you. You resist with some effort.
A spriggan defender simulacrum comes into view.
You feel yourself slow down.
Found a radiant altar of Vehumet.
The spriggan defender simulacrum hits you!
The spriggan defender simulacrum freezes you!!
You resist.
You miss the spriggan defender simulacrum.
The spriggan defender simulacrum is struck by your spines.
The spriggan defender simulacrum closely misses you.
You barely miss the spriggan defender simulacrum.
The spriggan defender simulacrum is lightly damaged.
The spriggan defender simulacrum hits you!
The spriggan defender simulacrum freezes you!!
You resist.
* * * LOW HITPOINT WARNING * * *
The spriggan defender simulacrum hits you!
You die...
Xom chuckles heartily!

. # .# . #.
##. ## #..
.. #.
..##.##....
#......#
#..####
###Z@..#
#...#_.# ..
##...##.# .
# #.#### #.#
#.. # ##
#...# .# ...
#. #.....# .
.##...##.# #
. ##....##
##..#.. ..
#...#...####
..##


You could see a spriggan defender simulacrum.

Vanquished Creatures
  3 deep trolls (D:8)
  A centaur skeleton (Abyss:2)
  A kobold demonologist (D:6)
  Maggie (D:7)
  A wraith (D:6)
  A chaos spawn (Abyss:2)
  2 orc warriors (D:7)
  2 sky beasts
  5 black bears
  2 centaurs
  A phantom (D:4)
  A kobold brigand (D:8)
  2 necrophages
  5 bullfrogs
  3 scorpions
  4 wights (D:8)
  3 howler monkeys
  A hound (D:4)
  A gnoll shaman (D:5)
  3 orc priests
  5 iguanas
  2 jellies
  Jessica (D:3)
  7 orc wizards
  12 gnolls
  19 adders
  8 river rats (Sewer)
  2 white imps
  A worm (D:2)
  5 dart slugs
  23 orcs
  3 bats
  6 endoplasms
  8 giant cockroaches
  9 goblins
  10 hobgoblins
  5 jackals (D:4)
  4 quokkas
  19 ball pythons
  4 frilled lizards
  18 kobolds
  32 rats
246 creatures vanquished.

Notes
Turn   | Place    | Note
-------+----------+-------------------------------------------
     0 | D:1      | Dabor the Demonspawn Transmuter began the quest for the
                  | Orb.
     0 | D:1      | Reached XP level 1. HP: 15/15 MP: 3/3
   452 | D:1      | Gained mutation: You are partially covered in sharp spines.
                  | [demonic ancestry]
   452 | D:1      | Reached XP level 2. HP: 12/21 MP: 3/5
  1031 | D:1      | Learned a level 2 spell: Wereblood
  1050 | D:1      | Gained mutation: You are partially covered in thin metallic
                  | scales. (AC +2) [demonic ancestry]
  1050 | D:1      | Reached XP level 3. HP: 26/26 MP: 4/6
  1088 | D:2      | Gained mutation: Your touch may inflict minor irresistible
                  | damage on your foes. [demonic ancestry]
  1088 | D:2      | Reached XP level 4. HP: 33/33 MP: 3/7
  1837 | D:2      | Identified the +8 chain mail "Kemmim" {rElec Dex+5 Slay+2}
  2078 | D:3      | Noticed Jessica
  2082 | D:3      | Killed Jessica
  2083 | D:3      | Reached XP level 5. HP: 37/39 MP: 7/9
  2087 | D:3      | Reached skill level 1 in Stealth
  2092 | D:3      | Found a faded altar of an unknown god.
  2103 | D:3      | Prayed at the altar of an unknown god.
  2103 | D:3      | Became a worshipper of Xom of Unknown Intention
  2108 | D:3      | XOM: divination: detect items
  2392 | D:4      | XOM: silly message
  2444 | D:4      | Identified the +5 spear "Rukeyviu" {vorpal, rC+}
  2470 | D:4      | Noticed a black bear
  2479 | D:4      | Killed a black bear
  2480 | D:4      | Reached skill level 1 in Throwing
  2480 | D:4      | Reached XP level 6. HP: 41/46 MP: 10/10
  2576 | D:4      | Reached skill level 1 in Armour
  2627 | D:4      | XOM: potion effect (brilliance)
  2770 | D:4      | Gained mutation: You regenerate a little health from kills.
                  | [demonic ancestry]
  2770 | D:4      | Reached XP level 7. HP: 39/52 MP: 9/12
  2776 | D:4      | XOM: silly message
  2804 | D:4      | XOM: summons friendly crimson imp
  2883 | D:4      | XOM: give mutations
  2883 | D:4      | Gained mutation: Your body sometimes deteriorates upon
                  | taking damage. [Xom's mischief]
  2883 | D:4      | Gained mutation: You are clumsy. (Dex -2) [Xom's mischief]
  3032 | D:4      | Found Kaenkuff's Jewellery Emporium.
  3176 | D:4      | XOM: give mutations
  3176 | D:4      | Lost mutation: You are clumsy. (Dex -2) [Xom's grace]
  3176 | D:4      | Gained mutation: You are somewhat resistant to further
                  | mutation. [Xom's grace]
  3176 | D:4      | Gained mutation: You are resistant to electric shocks.
                  | (rElec) [Xom's grace]
  3193 | D:5      | Entered Level 5 of the Dungeon
  3363 | D:5      | Found a glowing drain.
  3372 | Sewer    | Entered a sewer
  3395 | Sewer    | XOM: noise
  3441 | Sewer    | Identified the ring of Dabor's Evisceration {Wiz rElec
                  | Str+4 Dex+4} (Xom gifted it to you in a sewer)
  3441 | Sewer    | XOM: god gift: ring of Dabor's Evisceration {Wiz rElec
                  | Str+4 Dex+4}
  3453 | Sewer    | XOM: snakes to sticks
  3610 | Sewer    | XOM: summons friendly shadow imp
  3619 | Sewer    | Gained mutation: You are mostly covered in thin metallic
                  | scales. (AC +3) [demonic ancestry]
  3619 | Sewer    | Reached XP level 8. HP: 60/60 MP: 14/14
  4084 | D:5      | XOM: 5-stop teleportation journey
  4303 | D:5      | XOM is BORED!
  4303 | D:5      | XOM: noise
  4460 | D:6      | Found a staircase to the Ecumenical Temple.
  4486 | D:6      | XOM: cast spell 'Necromutation'
  4551 | D:6      | Reached skill level 5 in Fighting
  4566 | D:6      | Noticed a kobold demonologist
  4577 | D:6      | Killed a kobold demonologist
  4578 | D:6      | Reached skill level 5 in Dodging
  4578 | D:6      | Reached skill level 5 in Spellcasting
  4578 | D:6      | Reached skill level 5 in Transmutations
  4578 | D:6      | Reached XP level 9. HP: 68/68 MP: 16/16
  4983 | D:6      | XOM: god gift: viscous cyan potion {god gift}
  4990 | Temple   | Entered the Ecumenical Temple
  5170 | Temple   | Fell from the grace of Xom
  5170 | Temple   | Became a worshipper of Hepliaklqana the Forgotten
  5598 | D:7      | Noticed Maggie
  5734 | D:6      | XOM: give mutation
  5734 | D:6      | Lost mutation: Your body sometimes deteriorates upon taking
                  | damage. [Xom's mischief]
  5761 | D:7      | Killed Maggie
  5950 | D:7      | Reached skill level 1 in Invocations
  5996 | D:7      | Found a sacrificial altar of Ru.
  6361 | D:7      | XOM: give mutations
  6361 | D:7      | Lost mutation: You are somewhat resistant to further
                  | mutation. [Xom's mischief]
  6361 | D:7      | Gained mutation: Armour fits poorly on your strangely
                  | shaped body. [Xom's mischief]
  6361 | D:7      | Gained mutation: You are clumsy. (Dex -2) [Xom's mischief]
  6361 | D:7      | Gained mutation: You are dopey. (Int -2) [Xom's mischief]
  6588 | D:8      | Noticed a deep troll
  6589 | D:8      | Noticed a deep troll
  6589 | D:8      | Noticed a deep troll
  6611 | D:8      | Killed a deep troll
  6612 | D:8      | Reached skill level 5 in Armour
  6612 | D:8      | Gained mutation: Your touch may inflict irresistible damage
                  | on your foes. [demonic ancestry]
  6612 | D:8      | Reached XP level 10. HP: 30/76 MP: 10/18
  6617 | D:8      | Killed a deep troll
  6624 | D:8      | Killed a deep troll
  6866 | D:8      | Found the amulet of Vitality {Regen+ HP+15}
  7088 | D:7      | XOM: summons 6 hostile demons
  7109 | D:7      | Reached skill level 5 in Invocations
  7233 | D:8      | XOM: stat loss: -2 Dex (19/21)
  7668 | D:8      | Found a staircase to the Lair.
  7861 | D:8      | XOM: draining
  7984 | D:9      | Cast into level 2 of the Abyss (Xom)
  8080 | Abyss:2  | Noticed a bone dragon
  8083 | Abyss:2  | Noticed an eidolon
  8109 | Abyss:2  | Noticed a smoke demon
  8121 | Abyss:2  | Noticed a smoke demon
  8148 | Abyss:2  | Found a radiant altar of Vehumet.
  8152 | Abyss:2  | Slain by a spriggan defender simulacrum

Illustrated notes

Levels and vault maps discovered:
D:1:      kilobyte_arrival_exit_the_forest, layout_basic
D:2:      layout_loops_cross, minmay_tromino_v4_b
D:3:      layout_rooms, shapermc_ecumenical_altar_starsandcircs,
          minmay_increasing_density, uniq_jessica
D:4:      minmay_bubble_buster, layout_loops_ring, serial_shops, shop_statue
D:5:      layout_basic, gup_sewer_entry_pipe, serial_corexii_hall,
          chequers_hall_statues_wall_a, corexii_hall_statues_s,
          kennysheep_generic_room_6
D:6:      wad_pebble_path, layout_basic, minmay_temple_entry_offerings
D:7:      layout_basic, hangedman_ru_absence, kennysheep_minor_cross,
          uniq_maggie
D:8:      layout_basic, lair_entry_dummy,
          hellmonk_guarded_unrand_vitality_bloodlust
D:9:      layout_roguey, serial_shops, nicolae_shop_window_shopping,
          hangedman_decor_points, uniq_maurice
Temple:   mainiacjoe_temple_starburst
Abyss:2:  base: D:2, abyss_greek_temple, due_exit_kobolds

Skill      XL: |  1  2  3  4  5  6  7  8  9 10 |
---------------+-------------------------------+-----
Dodging        | 2 3 4 5 6 |  6.2
Transmutations | 2 3 4 5 6 |  6.1
Fighting       | 2 3 4 5 6 |  6.4
Stealth        | 1 2 |  2.0
Throwing       | 1 |  1.0
Spellcasting   | 3 4 5 6 |  6.2
Armour         | 1 2 4 5 |  5.3
Invocations    | 3 5 |  5.3
Unarmed Combat | 3 |  3.8

Action                   |  1- 3 |  4- 6 |  7- 9 | 10-12 || total
-------------------------+-------+-------+-------+-------++-------
Melee: Unarmed           |    14 |       |     3 |       ||    17
       Headbutt          |     6 |     1 |     2 |       ||     9
       Dagger            |    22 |    50 |       |       ||    72
       Kick              |     3 |     2 |     3 |       ||     8
       Touch             |       |    21 |    45 |     9 ||    75
       Short sword       |       |    20 |       |       ||    20
       Punch             |       |     1 |     7 |     3 ||    11
       Spear             |       |    38 |   291 |    79 ||   408
Throw: Boomerang         |       |     3 |    24 |     5 ||    32
 Cast: Beastly Appendage |    10 |       |     1 |       ||    11
       Wereblood         |     1 |       |     4 |       ||     5
  Use: Potion            |     1 |       |     6 |     3 ||    10
       Scroll            |       |     4 |     5 |     6 ||    15
 Stab: Sleeping          |       |     2 |       |       ||     2
Armor: Robe              |     1 |     6 |       |       ||     7
       Chain mail        |       |    45 |   141 |    51 ||   237
Dodge: Dodged            |    17 |    23 |    96 |    32 ||   168
Block: Kite shield       |       |     1 |       |       ||     1

Table legend: (Time is in decaauts)
 A = Elapsed time spent in this place.
 B = Non-inter-level travel time spent in this place.
 C = Inter-level travel time spent in this place.
 D = Time resting spent in this place.
 E = Time spent auto-exploring this place.
 F = Levels seen in this place.
 G = Mean time per level.
                   A        B        C        D        E       F      G
               +--------+--------+--------+--------+--------+-----+--------+
         Total |   8228 |   7933 |    295 |    658 |   5405 |  12 |  685.7 |
       Dungeon |   7198 |   6951 |    247 |    658 |   4798 |   9 |  799.8 |
        Temple |    561 |    513 |     48 |      0 |    501 |   1 |  561.0 |
         Abyss |    150 |    150 |      0 |      0 |     41 |   1 |  150.0 |
         Sewer |    317 |    317 |      0 |      0 |     64 |   1 |  317.0 |
               +--------+--------+--------+--------+--------+-----+--------+

Top non-repeatable levels by time:
     D:7: 1172 daAuts
     D:8: 1099 daAuts
     D:1: 1058 daAuts
     D:5: 916 daAuts
     D:4: 820 daAuts
     D:2: 820 daAuts
     D:6: 757 daAuts
  Temple: 561 daAuts
     D:3: 515 daAuts
   Sewer: 317 daAuts
 Abyss:2: 150 daAuts
     D:9: 38 daAuts
